 Dungeon Crawl Stone Soup version 0.27.0-1-g7a089689b8 (webtiles) character file.

Game seed: 4220027336059949239

18854 shadowrider38 the Fighter (level 12, -13/127 (132) HPs)
             Began as a Troll Berserker on Aug 13, 2021.
             Was a High Priest of Trog.
             Mangled by a profane servitor (30 damage)
             ... on level 3 of the Abyss.
             The game lasted 00:42:09 (12178 turns).

shadowrider38 the Fighter (Troll Berserker)        Turns: 12178, Time: 00:42:09

HP:   -13/127 (132) AC: 14    Str: 30    XL:     12   Next: 31%
MP:   11/11         EV:  7    Int:  5    God:    Trog [*****.]
Gold: 471           SH:  9    Dex:  9    Spells: 11/11 levels left

rFire    . . .     SeeInvis +     - Unarmed
rCold    . . .     Faith    .   z - +0 kite shield of Heresy {-Cast +Inv rN+ Stlth+}
rNeg     + . .     Spirit   .   L - +0 troll leather armour
rPois    .         Reflect  .   (helmet restricted)
rElec    .         Harm     .   y - +2 cloak
rCorr    .         Rampage  .   (gloves unavailable)
Will     ++...     NoCast   +   (boots unavailable)
Stlth    ++........             (no amulet)
HPRegen  3.31/turn              o - ring of see invisible
MPRegen  0.12/turn              l - +4 ring of protection

@: about to teleport, strong-willed, regenerating, wreathed by umbra, lightly
drained
A: large, unfitting armour, claws 3, regeneration 1, shaggy fur 1, tough skin 1
a: Renounce Religion, Evoke Invisibility, Berserk, Trog's Hand, Brothers in Arms


You were on level 3 of the Abyss.
You worshipped Trog.
Trog was extremely pleased with you.
You visited 3 branches of the dungeon, and saw 14 of its levels.
You visited the Abyss 1 time.
You also visited: Sewer.

You collected 670 gold pieces.
You spent 199 gold pieces at shops.

Inventory:

Hand Weapons
 a - a +7 flail
 P - the +7 short sword "Kogela" {vorpal, rC+ Dex+6}
   (You found it on level 6 of the Dungeon)

   It inflicts extra damage upon your enemies.
   Dex:       It affects your dexterity (+6).
   rC:        It protects you from cold.
 Q - a +7 great sword of freezing
Missiles
 p - 13 boomerangs (quivered)
 O - 4 javelins
 S - 5 large rocks
Armour
 y - a +2 cloak (worn)
 z - the +0 kite shield of Heresy (worn) {-Cast +Inv rN+ Stlth+}
   (You bought it in a shop on level 6 of the Dungeon)

   rN:        It protects you from negative energy.
   +Inv:      It lets you turn invisible.
   -Cast:     It prevents spellcasting.
   Stlth:     It makes you more stealthy.
 E - +0 acid dragon scales
 L - a +0 troll leather armour (worn)
 N - +0 steam dragon scales
Jewellery
 l - a +4 ring of protection (right claw)
 o - a ring of see invisible (left claw)
 G - a ring of protection from fire
 H - a +6 ring of intelligence
 I - a ring of positive energy
 J - a ring of positive energy
Wands
 F - a wand of iceblast (8)
Scrolls
 b - 4 scrolls of immolation
 d - 3 scrolls of magic mapping
 e - a scroll of torment {unknown}
 h - a scroll of silence
 i - 4 scrolls of teleportation
 k - 2 scrolls of enchant armour {unknown}
 m - a scroll of vulnerability {unknown}
 s - 2 scrolls of fear {unknown}
 t - a scroll of amnesia {unknown}
 w - 2 scrolls of blinking {unknown}
 C - a scroll of holy word {unknown}
 T - a scroll of enchant weapon
Potions
 c - a potion of cancellation
 f - a potion of might
 g - a potion of invisibility {unknown}
 j - a potion of ambrosia {unknown}
 n - 2 potions of flight
 q - a potion of heal wounds
 r - 3 potions of attraction
 u - a potion of resistance
 v - 2 potions of haste
 x - a potion of degeneration {unknown}
 A - 2 potions of curing {unknown}
 B - a potion of brilliance {unknown}
 K - 3 potions of mutation
 M - a potion of lignification {unknown}
Miscellaneous
 R - a box of beasts


   Skills:
 + Level 11.9 Fighting
 - Level 8.2 Armour
 - Level 2.5 Dodging
 - Level 2.6 Shields
 - Level 11.2 Unarmed Combat


You had 11 spell levels left.
You didn't know any spells.
Your spell library was empty.

Dungeon Overview and Level Annotations

Branches:
Dungeon (12/15)            Temple (1/1) D:4            Lair (1/6) D:9
    Orc (0/2) D:9           Sewer (visited)

Altars:
Ashenzari
Cheibriados
Dithmenos
Elyvilon
Fedhas
Gozag
Hepliaklqana
Kikubaaqudgha
Makhleb
Nemelex Xobeh
Okawaru
Qazlal
Ru
Sif Muna
Trog
Uskayaw
Vehumet
Wu Jian
Xom
Yredelemnul
Zin
The Shining One

Shops:
D:4 *   D:5 =   D:6 [   D:10 *

Annotations:
D:1 1 runed translucent door
D:9 3 runed translucent doors, Krazlmac's ghost, novice MiMo
Lair:1 Sonja


Innate Abilities, Weirdness & Mutations

You are too large for most types of armour.
You have claws for hands.
Your natural rate of healing is unusually fast.
You are covered in fur. (AC +1)
You have tough skin. (AC +1)


Message History

* * * LOW HITPOINT WARNING * * *
The profane servitor draws strength from your injuries!
The profane servitor hits you but does no damage.
You block the profane servitor's attack.
The profane servitor hits you with a +3 demon whip.
* * * LOW HITPOINT WARNING * * *
The profane servitor hits you but does no damage.
The profane servitor hits you with a +3 demon whip!
* * * LOW HITPOINT WARNING * * *
Found a gateway leading deeper into the Abyss.
The profane servitor hits you with a +3 demon whip!
* * * LOW HITPOINT WARNING * * *
The profane servitor draws strength from your injuries!
The profane servitor hits you with a +3 demon whip.
* * * LOW HITPOINT WARNING * * *
A small abomination comes into view.
Found 9 gold pieces and a hunting sling.
You feel much better.
The profane servitor hits you but does no damage.
You block the profane servitor's attack.
The profane servitor hits you with a +3 demon whip!
* * * LOW HITPOINT WARNING * * *
The profane servitor draws strength from your injuries!
You block the profane servitor's attack.
Okay, then.
Okay, then.
Your skin crawls.
You feel strong-willed.
You block the profane servitor's attack.
The profane servitor hits you with a +3 demon whip.
* * * LOW HITPOINT WARNING * * *
You partially resist.
You feel drained.
You block the profane servitor's attack.
The profane servitor hits you with a +3 demon whip!
* * * LOW HITPOINT WARNING * * *
You partially resist.
You feel drained.
* * * LOW HITPOINT WARNING * * *
A large abomination comes into view.
The profane servitor hits you with a +3 demon whip!!
You die...

.#.. #.#..... ###
#.... #...... ...#
##....#
#.#○#......#
....#..#####☼#.#
#####
..#.#......R#?.###
.x...........##...
.#............#####
........A5.....#
.......@.......#
.......>.#.#..$#
#.X#...........#
#...........)..#
#............##
##..........##
############


You could see a profane servitor, a large abomination, an efreet, a small
abomination (wandering) and an ufetubus.

Vanquished Creatures
  Harold (D:11)
  A hydra (D:11)
  A two-headed ogre (D:11)
  3 death yaks (D:8)
  A large abomination (Abyss:2)
  A glowing orange brain (D:9)
  A deep elf pyromancer (D:11)
  4 ugly things
  A cyclops (D:11)
  A worldbinder (Abyss:3)
  A gargoyle (D:11)
  Maggie (D:8)
  A cane toad (Lair:1)
  Psyche (D:8)
  3 trolls
  Prince Ribbit (D:4)
  2 hornets
  2 raiju (Abyss:2)
  A meliai zombie (D:11)
  A wyvern (D:8)
  3 shadows
  A vampire (D:8)
  7 yaks
  A basilisk (D:10)
  Grum (D:11)
  2 wraiths (D:11)
  2 steam dragons (D:8)
  2 water moccasins
  An acid dragon (D:6)
  4 orc warriors
  A sky beast (D:4)
  An ice beast (D:8)
  4 wolves (D:11)
  A necrophage (D:5)
  3 centaurs
  A phantom (D:6)
  A kobold brigand (D:5)
  6 bullfrogs
  2 gnoll sergeants
  A scorpion (D:7)
  2 water moccasin zombies (D:5)
  9 wights
  9 killer bees
  4 electric eels (D:10)
  A howler monkey (D:10)
  6 centaur zombies
  4 orc priests
  2 jellies (D:7)
  A bullfrog skeleton (D:5)
  A centaur skeleton (D:7)
  2 hounds
  7 orc wizards
  3 iguanas
  2 small abominations
  2 hound skeletons
  2 howler monkey zombies
  13 gnolls
  6 adders
  A shadow imp (D:5)
  4 white imps
  An ufetubus (D:5)
  An adder zombie (D:5)
  An adder skeleton (D:4)
  A worm (D:3)
  12 dart slugs
  30 orcs
  7 bats
  8 endoplasms
  12 giant cockroaches
  13 goblins
  9 hobgoblins
  8 jackals (D:4)
  13 kobolds
  7 quokkas
  9 ball pythons
  7 frilled lizards
  6 rats
  A bush (D:1)
301 creatures vanquished.

Vanquished Creatures (others)
  A plant (D:1)
1 creature vanquished.

Grand Total: 302 creatures vanquished

Notes
Turn   | Place    | Note
-------+----------+-------------------------------------------
     0 | D:1      | shadowrider38 the Troll Berserker began the quest for the
                  | Orb.
     0 | D:1      | Reached XP level 1. HP: 22/22 MP: 0/0
     1 | D:1      | Found a runed translucent door.
   153 | D:1      | Reached XP level 2. HP: 29/29 MP: 1/1
   795 | D:2      | Reached XP level 3. HP: 36/36 MP: 2/2
  1031 | D:2      | Reached ** piety under Trog
  1032 | D:2      | Reached XP level 4. HP: 25/45 MP: 3/3
  1821 | D:3      | Found a shimmering altar of Xom.
  1860 | D:3      | Reached XP level 5. HP: 54/54 MP: 4/4
  2139 | D:3      | Found a faded altar of an unknown god.
  2469 | D:4      | Reached *** piety under Trog
  2492 | D:4      | Found a staircase to the Ecumenical Temple.
  2527 | D:4      | Reached skill level 5 in Unarmed Combat
  2625 | Temple   | Entered the Ecumenical Temple
  2877 | D:4      | Reached XP level 6. HP: 62/62 MP: 5/5
  2946 | D:4      | Found Yrphukoz's Elemental Accessories.
  3021 | D:4      | Identified the +3 buckler of Anarchy {-Cast +Blink Regen+
                  | Stlth+}
  3217 | D:5      | Entered Level 5 of the Dungeon
  3266 | D:5      | Noticed Prince Ribbit
  3266 | D:5      | Noticed a sky beast
  3277 | D:4      | Killed a sky beast
  3280 | D:4      | Killed Prince Ribbit
  3281 | D:4      | Reached skill level 5 in Fighting
  3281 | D:4      | Reached XP level 7. HP: 72/72 MP: 6/6
  3444 | D:5      | Found an opulent altar of Gozag.
  3717 | D:5      | Reached XP level 8. HP: 61/83 MP: 7/7
  3801 | D:5      | Found a glowing drain.
  3805 | D:5      | Reached **** piety under Trog
  3811 | Sewer    | Entered a sewer
  4616 | D:5      | Found Duquhenwa's Jewellery Emporium.
  4877 | D:6      | Found Noaroc's Antique Armour Shop.
  4889 | D:6      | Bought a faintly humming kite shield for 199 gold pieces
  4889 | D:6      | Identified the +0 kite shield of Heresy {-Cast +Inv rN+
                  | Stlth+} (You bought it in a shop on level 6 of the Dungeon)
  4932 | D:6      | Reached skill level 1 in Shields
  5166 | D:6      | Found an ornate altar of the Wu Jian Council.
  5229 | D:5      | Reached skill level 1 in Armour
  5520 | D:6      | Found a glowing golden altar of the Shining One.
  5520 | D:6      | Found a snail-covered altar of Cheibriados.
  5623 | D:6      | Identified the +7 short sword "Kogela" {vorpal, rC+ Dex+6}
  6073 | D:7      | Reached ***** piety under Trog
  6074 | D:7      | Reached XP level 9. HP: 92/92 MP: 8/8
  6688 | D:8      | Found a burning altar of Makhleb.
  7002 | D:8      | Reached skill level 5 in Armour
  7514 | D:8      | Noticed Maggie
  7551 | D:8      | Killed Maggie
  8118 | D:8      | Noticed Psyche
  8125 | D:8      | Killed Psyche
  8321 | D:9      | Noticed a death yak
  8322 | D:9      | Noticed a death yak
  8323 | D:9      | Noticed a death yak
  8348 | D:8      | Killed a death yak
  8349 | D:8      | Reached XP level 10. HP: 42/100 MP: 9/9
  8407 | D:8      | Killed a death yak
  8463 | D:8      | Killed a death yak
  8512 | D:9      | Found a staircase to the Lair.
  9045 | D:9      | Found a staircase to the Orcish Mines.
  9453 | D:9      | Found a broken altar of Ashenzari.
  9523 | D:9      | Found a runed translucent gate.
  9524 | D:9      | Found a runed translucent gate.
  9524 | D:9      | Noticed a red ugly thing
  9542 | D:9      | Noticed a purple ugly thing
  9543 | D:9      | Found a runed translucent gate.
  9543 | D:9      | Noticed a white ugly thing
  9545 | D:9      | Noticed a cyan ugly thing
  9545 | D:9      | Noticed a glowing orange brain
  9802 | D:9      | Killed a purple ugly thing
  9803 | D:9      | Reached skill level 10 in Unarmed Combat
  9803 | D:9      | Reached XP level 11. HP: 107/113 MP: 10/10
  9834 | D:8      | Killed a red ugly thing
  9931 | D:9      | Killed a red ugly thing
  9946 | D:9      | Killed a glowing orange brain
 10068 | D:9      | Found a runed translucent gate.
 10068 | D:9      | Found a runed translucent gate.
 10078 | D:9      | Killed a red ugly thing
 10099 | D:9      | Noticed a wolf spider
 10102 | D:9      | Noticed Krazlmac's ghost (novice MiMo)
 10103 | D:9      | Found a runed translucent gate.
 10106 | D:9      | Noticed a satyr
 10106 | D:9      | a wolf spider changed into a satyr
 10111 | D:9      | Noticed a swamp dragon
 10111 | D:9      | a jumping spider changed into a swamp dragon
 10148 | D:10     | Entered Level 10 of the Dungeon
 10389 | D:10     | Paralysed by a hornet for 2 turns
 10394 | D:10     | Paralysed by a hornet for 2 turns
 10469 | D:10     | Received a gift from Trog
 10614 | D:10     | Found Isoalir's Mayhem Merchandise.
 10948 | D:11     | Noticed a two-headed ogre
 10964 | D:11     | Killed a two-headed ogre
 10965 | D:11     | Reached skill level 10 in Fighting
 11047 | D:11     | Noticed Harold
 11062 | D:11     | Killed Harold
 11170 | D:11     | Noticed Grum
 11205 | D:11     | Killed Grum
 11259 | D:11     | Noticed a deep elf pyromancer
 11269 | D:11     | Killed a deep elf pyromancer
 11270 | D:11     | Reached XP level 12. HP: 128/128 MP: 11/11
 11634 | D:11     | Noticed a four-headed hydra
 11651 | D:11     | Killed a four-headed hydra
 11944 | Lair:1   | Entered Level 1 of the Lair of Beasts
 12016 | Lair:1   | Noticed Sonja
 12044 | Lair:1   | Cast into level 2 of the Abyss (Sonja)
 12158 | Abyss:3  | Noticed a profane servitor
 12167 | Abyss:3  | HP: 3/132 [profane servitor (4)]
 12172 | Abyss:3  | HP: 5/131 [profane servitor (12)]
 12178 | Abyss:3  | Mangled by a profane servitor

Illustrated notes

Levels and vault maps discovered:
D:1:      dpeg_arrival_caged_fury, layout_basic, serial_forest,
          infiniplex_forest_end_1, infiniplex_forest_clump_small,
          infiniplex_forest_lined_1, infiniplex_forest_lined_2,
          infiniplex_forest_clump_tiny, infiniplex_forest_clump_long,
          infiniplex_forest_end_double, infiniplex_forest_clump_long,
          minmay_pentomino_z4
D:2:      layout_loops_ring, minmay_bisected
D:3:      layout_rooms, nicolae_overflow_crystal_walls,
          dreamdust_ecumenical_altar_statues
D:4:      layout_basic, minmay_temple_entry_arrows, nicolae_elemental_shop
D:5:      kennysheep_slugbush, layout_loops_ring, grunt_gozag_statues,
          gup_sewer_entry_pipe, serial_shops, nicolae_shop_behind_doors,
          uniq_prince_ribbit1
D:6:      layout_rooms, mainiacjoe_overflow_boulevard,
          amethyst_overflow_temple_binary, serial_shops, nicolae_stop_n_shop_1,
          eino_tiny_chamber
D:7:      layout_cave_pods, lightli_orcish_oven
D:8:      layout_layer_cave, mainiacjoe_overflow_concentric_impassable,
          uniq_maggie, uniq_psyche
D:9:      layout_roguey, mainiacjoe_overflow_alcove_2, dpeg_lair_monsters,
          david_orc_3, ploomutoo_gammafunk_ghost_potion_laboratory, fountainhead
D:10:     layout_basic, minmay_shop_mayhem, st_stairs_3
D:11:     layout_rooms, uniq_grum, uniq_harold
D:12:     layout_long_grid, kennysheep_generic_room_8
Temple:   regret_index_temple_generic_petals
Lair:1:   layout_cave_pods, minmay_lair_oklob_chamber, lemuel_fruit_tree,
          grunt_megastairs_1, uniq_gastronok, uniq_sonja
Abyss:3:  base: D:15, evilmike_abyss_exit_16, hangedman_abyss_or_decor_passed,
          nicolae_abyss_rune_star_stuff, due_evilmike_abyss_rune_seething_liches

Skill      XL: |  1  2  3  4  5  6  7  8  9 10 11 12 |
---------------+-------------------------------------+-----
Fighting       | 3 4 5 6 8 10 11 | 11.9
Unarmed Combat | 4 5 6 7 10 11 | 11.2
Shields        | 2 |  2.6
Armour         | 3 8 |  8.2
Dodging        | |  2.5

Action                   |  1- 3 |  4- 6 |  7- 9 | 10-12 || total
-------------------------+-------+-------+-------+-------++-------
Melee: Unarmed           |   136 |   167 |   320 |   456 ||  1079
       Punch             |     2 |       |     2 |       ||     4
       Short sword       |       |       |    24 |       ||    24
       Flail             |       |       |       |     6 ||     6
Throw: Throwing net      |       |       |     1 |     3 ||     4
Invok: Berserk           |     3 |     3 |     7 |    10 ||    23
       Trog's Hand       |       |       |       |     1 ||     1
  Use: Scroll            |       |     1 |    11 |     5 ||    17
       Potion            |       |       |       |     2 ||     2
 Stab: Sleeping          |     1 |       |       |     1 ||     2
       Held in net/web   |       |       |     1 |       ||     1
       Distracted        |       |       |       |     1 ||     1
Armor: Animal skin       |    20 |       |       |       ||    20
       Robe              |     4 |    50 |    90 |       ||   144
       Acid dragon scale |       |       |    69 |    13 ||    82
       Troll leather arm |       |       |       |   335 ||   335
Dodge: Dodged            |    45 |    75 |   143 |   172 ||   435
Block: Kite shield       |       |       |    74 |   250 ||   324
